AoeStats
← elnano4cchi

Black Forest

510253004Analyzed
3v3 RM · 1d ago on Sep 30, 2026· 82m 56s· 6 players
Game mode
Random Map
Map size
Normal (6 player)
Population
200
Speed
Normal
Resources
Standard
Victory
Conquest
Starting age
Dark Age
Ending age
Imperial Age
RankedLock teamsTeams togetherTeam positionsShared explorationLock speedFull tech treeHidden civsTurbo modeCheats
Victory
Defeat
🇨🇳 Dravidians · China
825
+15
🇺🇸 Cumans · United States
809
+16
🇦🇷 Sicilians · Argentina
757
+17
🇨🇦 Japanese · Canada
828
-17
🇨🇦 Turks · Canada
803
-16
🇨🇦 Teutons · Canada
773
-15
SuuSamuraii
7:44 Loom
11:24 Feudal Age
11:55 Double-Bit Axe
17:59 Castle Age
21:01 Scale Barding Armor
34:17 Wheelbarrow
36:14 Bloodlines
39:10 Fortified Wall
39:21 Gold Mining
41:23 Bow Saw
42:04 Horse Collar
47:28 Forging
47:53 Fletching
48:41 Scale Mail Armor
48:14 Pikeman
48:40 Gambesons
48:56 Squires
48:42 Arson
50:08 Chain Mail Armor
51:21 Iron Casting
51:39 Elite Skirmisher
75:04 Imperial Age
III Winston III
1:22 Loom
14:57 Feudal Age
20:21 Castle Age
19:06 Double-Bit Axe
19:29 Horse Collar
25:49 Imperial Age
24:26 Bow Saw
29:44 Heavy Plow
36:54 Wheelbarrow
39:48 Fortified Wall
42:02 Hand Cart
42:51 Two-Man Saw
44:27 Scale Barding Armor
45:15 Husbandry
45:26 Bloodlines
46:05 Conscription
46:54 Ballistics
48:11 Chain Barding Armor
48:36 Forging
48:32 Heavy Camel Rider
51:22 Plate Barding Armor
52:49 Iron Casting
56:42 Blast Furnace
57:13 Fletching
57:23 Padded Archer Armor
59:36 Thumb Ring
61:03 Bodkin Arrow
63:07 Bracer
64:03 Leather Archer Armor
Albast6718
0:27 Loom
13:58 Feudal Age
20:14 Castle Age
24:15 Double-Bit Axe
24:14 Horse Collar
26:33 Wheelbarrow
31:07 Heavy Plow
31:00 Gold Mining
33:35 Bow Saw
38:37 Imperial Age
38:26 Forging
39:47 Conscription
39:55 Elite Teutonic Knight
40:44 Town Watch
41:32 Fortified Wall
41:50 Scale Mail Armor
46:11 Chain Mail Armor
46:32 Iron Casting
46:59 Hand Cart
49:20 Blast Furnace
50:06 Plate Mail Armor
53:10 Cavalier
54:02 Bloodlines
54:53 Arson
55:09 Squires
55:52 Scale Barding Armor
56:08 Caravan
57:34 Paladin
58:53 Chain Barding Armor
59:13 Crenellations
59:33 Hoardings
59:16 Masonry
59:27 Ballistics
61:10 Plate Barding Armor
65:56 Onager
67:22 Siege Onager
68:53 Siege Engineers
70:57 Chemistry
74:44 Elite Skirmisher
75:28 Padded Archer Armor
75:19 Fletching
76:45 Bodkin Arrow
79:17 Leather Archer Armor
80:28 Ring Archer Armor
Michaeldm6945
0:55 Loom
15:16 Feudal Age
15:54 Double-Bit Axe
16:22 Man-at-Arms
16:49 Arson
58:04 Castle Age
59:32 Thumb Ring
61:04 Wheelbarrow
67:58 Bow Saw
71:42 Coinage
76:01 Imperial Age
75:55 Crossbowman
78:00 Caravan
78:51 Scale Mail Armor
78:54 Padded Archer Armor
78:44 Fletching
79:02 Scale Barding Armor
79:07 Forging
78:58 Scale Mail Armor
78:23 Heavy Cavalry Archer
80:58 Cuman Mercenaries
81:30 Conscription
82:19 Banking
83:25 Chemistry
82:37 Masonry
82:51 Leather Archer Armor
82:57 Bodkin Arrow
elnano4cchi
0:35 Loom
13:19 Feudal Age
18:49 Forging
23:07 Scale Mail Armor
28:38 Castle Age
27:17 Horse Collar
27:24 Double-Bit Axe
27:35 Gold Mining
27:53 Stone Mining
29:47 Heavy Plow
30:01 Bow Saw
30:29 Stone Shaft Mining
31:41 Gold Shaft Mining
31:18 Pikeman
34:12 Squires
38:00 Husbandry
40:08 Wheelbarrow
43:26 Imperial Age
44:22 Iron Casting
44:40 Hand Cart
45:50 Cavalier
48:15 Murder Holes
48:06 Arrowslits
48:41 Ballistics
49:22 Chemistry
48:34 Masonry
49:01 Ballistics
48:59 Scale Barding Armor
51:34 Blast Furnace
52:19 Chain Barding Armor
52:16 Chain Mail Armor
51:31 Halberdier
53:53 Crop Rotation
67:06 Arson
68:00 Plate Barding Armor
67:55 Plate Mail Armor
67:35 Hauberk
67:52 Conscription
67:42 Siege Engineers
66:59 Capped Ram
70:06 Elite Serjeant
71:22 Hoardings
70:18 Sappers
75:15 First Crusade
76:42 Siege Ram
79:27 Caravan
79:38 Guilds
80:10 Man-at-Arms
80:36 Gambesons
抽风Crazy
0:39 Loom
12:38 Feudal Age
17:00 Castle Age
15:41 Double-Bit Axe
16:05 Horse Collar
17:42 Town Watch
18:35 Wheelbarrow
18:20 Bow Saw
19:46 Heavy Plow
24:54 Gold Mining
25:24 Stone Mining
27:10 Hand Cart
28:15 Thumb Ring
30:41 Fletching
33:30 Imperial Age
31:57 Padded Archer Armor
33:15 Bodkin Arrow
33:37 Leather Archer Armor
35:17 Chemistry
34:38 Ballistics
34:25 Bracer
35:26 Ring Archer Armor
36:14 Conscription
36:11 Medical Corps
37:01 Elite Elephant Archer
47:10 Siege Elephant
48:57 Fortified Wall
50:07 Wootz Steel
59:53 Guard Tower
60:24 Bombard Tower
59:52 Arrowslits
62:00 Husbandry
Connection lost

Rejoining the realm…

Still unreachable

The connection could not be restored.

Session expired

The server has moved on; the page needs a fresh start.